 Dungeon Crawl Stone Soup version bcrawl-1.19.1 (webtiles) character file.

Game seed: 17635074385733946536

955 lilbarb the Cutter (level 7, -1/56 HPs)
             Began as a Demigod Archaeologist on Nov 27, 2019.
             Slain by Prince Ribbit (4 damage)
             ... on level 5 of the Dungeon.
             The game lasted 00:15:47 (6360 turns).

lilbarb the Cutter (Demigod Archaeologist)          Turns: 6360, Time: 00:15:48

Health: -1/56      AC: 12    Str: 20    XL:     7   Next: 91%
Magic:  11/11      EV: 12    Int: 18    God:    Demigod [**....]
Gold:   322        SH:  0    Dex: 19    Spells: 6/6 levels left

rFire    . . .     SeeInvis .   b - +2 hunting sling (flame)
rCold    . . .     Gourm    .   (no shield)
rNeg     . . .     Faith    .   r - +0 ring mail
rPois    +         Spirit   .   c - +2 hat
rElec    .         Reflect  .   (no cloak)
rCorr    .         Harm     .   B - +1 pair of gloves
MR       .....                  l - +2 pair of boots
Stlth    +++.......             D - amulet of magic regeneration
HPRegen  0.18/turn              y - ring of poison resistance
MPRegen  0.37/turn              (no ring)

@: mighty
A: high mp 1
a: Temporal Distortion, Growth


You were on level 5 of the Dungeon.
You worshipped Demigod.
Demigod was pleased with you.
You were not hungry.

You visited 1 branch of the dungeon, and saw 5 of its levels.

You collected 322 gold pieces.

Inventory:

Hand Weapons
 a - a +0 short sword
 b - a +2 hunting sling of flaming (weapon)
 f - the +4 dagger "Morg" {pain, MR+ Int+12 *Curse} In the hands of one skilled in necromantic magic, it inflicts extra damage on living creatures. It affects your intelligence (+12). It affects your resistance to hostile enchantments. It curses itself when equipped.
 w - a +0 dagger
Missiles
 i - 151 poisoned needles
 j - 129 tomahawks
 o - 7 javelins
 p - 134 sling bullets
 s - 866 stones (quivered)
Armour
 c - a +2 hat (worn)
 l - a +2 pair of boots (worn)
 q - a +0 helmet
 r - a +0 ring mail (worn)
 B - a +1 pair of gloves (worn)
Jewellery
 y - a ring of poison resistance (left hand)
 D - an amulet of magic regeneration (around neck)
Wands
 x - a wand of polymorph (19)
Scrolls
 d - a scroll of fog {unknown}
 h - 5 scrolls of remove curse
 m - a scroll of enchant armour
 t - 5 scrolls of identify {unknown}
 v - a scroll of magic mapping {unknown}
Potions
 e - a potion of brilliance {unknown}
 k - a potion of berserk rage {unknown}
 n - a potion of might
 u - a potion of curing {unknown}
 z - 2 potions of lignification {unknown}
Comestibles
 g - 3 rations {!d}


   Skills:
 - Level 2.7 Fighting
 + Level 7.7 Short Blades
   Level 0.8 Maces & Flails
 - Level 2.6 Dodging
 + Level 5.5 Stealth
 - Level 2.0 Invocations


You had 6 spell levels left.
You didn't know any spells.
Your spell library was empty.

Dungeon Overview and Level Annotations

Branches:
Dungeon (5/12)             Temple (0/1) D:4

Annotations:
D:5 Prince Ribbit


Innate Abilities, Weirdness & Mutations

You have an increased reservoir of magic. (+10% MP)


Message History

Press: ? - help, Shift-Dir - straight line, f/p - steam dragon
Aim: a steam dragon (heavily wounded)
You shoot a stone. The stone hits the steam dragon.
The stone burns the steam dragon.
The steam dragon is heavily wounded.
The steam dragon barely misses you.
The steam dragon claws you but does no damage.
Firing (i - inventory. (/) - cycle)
s - 867 stones (quivered)
Press: ? - help, Shift-Dir - straight line, f/p - steam dragon
Aim: a steam dragon (heavily wounded)
You shoot a stone.
The stone hits the steam dragon but does no damage.
The steam dragon is heavily wounded.
Prince Ribbit hits you. The steam dragon breathes steam at you.
The ball of steam hits you!
* * * LOW HITPOINT WARNING * * *
Prince Ribbit hits you.
You die...
Your divinity fades.

#.....#####............##'####
#.....#...........F....#......
+...#.#.#.#............#......
#.................###'##......
########.#.#.#.......#...##+####.
....>).<......###'####...##.. #.
.......#.#.#.##...........)... #.
..............#.DF............ #.
.......#.#.#.##.@...##...##....#.
†...###...)...#.§...##...# ...##.
#####..#.#.#.##.§........# ..##.
#.........#.....##...+ ....
#..#.#.#.#########...#
#.........#......#...#
#...#.#.#.##......# ..
#..........#.....# ...
....#.#.#.##.....##...


You could see Prince Ribbit and a steam dragon.

Vanquished Creatures
  3 ogres
  A centaur (D:5)
  A killer bee (D:5)
  3 crimson imps
  2 hounds (D:4)
  A bullfrog skeleton (D:4)
  An orc priest (D:2)
  Ijyb (D:3)
  An orc wizard (D:4)
  Natasha (thrice) (D:3)
  2 worker ants (D:4)
  A hound skeleton (D:4)
  7 adders
  2 worms (D:4)
  A dart slug (D:2)
  7 leopard geckos
  12 orcs
  4 giant cockroaches
  12 goblins
  11 hobgoblins
  8 jackals
  6 kobolds
  A quokka (D:4)
  2 ball pythons (D:1)
  6 bats
  3 frilled lizards
  7 rats
109 creatures vanquished.

Notes
Turn   | Place    | Note
-------+----------+-------------------------------------------
     0 | D:1      | lilbarb the Demigod Archaeologist began the quest for the
                  | Orb.
     0 | D:1      | Reached XP level 1. HP: 15/15 MP: 3/3
    11 | D:1      | Reached skill level 1 in Fighting
    81 | D:1      | Reached XP level 2. HP: 21/24 MP: 4/4
   781 | D:1      | Reached * piety under Demigod
   781 | D:1      | Reached XP level 3. HP: 30/30 MP: 5/5
   952 | D:1      | Reached skill level 1 in Short Blades
  1713 | D:2      | Reached skill level 2 in Short Blades
  1818 | D:2      | Reached skill level 3 in Short Blades
  1818 | D:2      | Reached XP level 4. HP: 15/37 MP: 6/6
  2421 | D:2      | Reached skill level 4 in Short Blades
  2701 | D:2      | Reached XP level 5. HP: 39/42 MP: 7/7
  2850 | D:2      | Reached skill level 5 in Short Blades
  3048 | D:3      | Noticed Ijyb
  3074 | D:3      | Killed Ijyb
  3074 | D:3      | Reached ** piety under Demigod
  3315 | D:3      | Noticed Natasha
  3318 | D:3      | Killed Natasha
  3318 | D:3      | Reached skill level 6 in Short Blades
  3318 | D:3      | Reached skill level 1 in Invocations
  3395 | D:3      | Found a white marble altar of Elyvilon.
  3481 | D:3      | Noticed Natasha
  3486 | D:3      | Killed Natasha
  3675 | D:3      | Noticed Natasha
  3680 | D:3      | Killed Natasha
  3680 | D:3      | Reached XP level 6. HP: 50/50 MP: 8/10
  3715 | D:3      | Found a white marble altar of Elyvilon.
  4388 | D:3      | HP: 2/50 [ogre/+0 giant club (8)]
  5031 | D:4      | Found a staircase to the Ecumenical Temple.
  5305 | D:4      | Reached skill level 7 in Short Blades
  5305 | D:4      | Reached XP level 7. HP: 15/56 MP: 11/11
  6052 | D:4      | Reached skill level 5 in Stealth
  6071 | D:5      | Entered Level 5 of the Dungeon
  6257 | D:5      | Noticed Sigmund
  6258 | D:5      | Noticed Sigmund
  6258 | D:5      | Sigmund changed into Sigmund the killer bee
  6263 | D:5      | Killed Sigmund the killer bee
  6331 | D:5      | Noticed a steam dragon
  6334 | D:5      | Noticed Prince Ribbit
  6360 | D:5      | Slain by Prince Ribbit

Skill      XL: |  1  2  3  4  5  6  7 |
---------------+----------------------+-----
Fighting       | 1 2 |  2.7
Short Blades   | 3 4 6 7 |  7.7
Invocations    | 2 |  2.0
Stealth        | 4 5 |  5.5
Maces & Flails | |  0.8
Dodging        | |  2.6

Action                   |  1- 3 |  4- 6 |  7- 9 || total
-------------------------+-------+-------+-------++-------
Melee: Whip              |   129 |    23 |       ||   152
       Short sword       |       |    91 |       ||    91
       Dagger            |       |    33 |       ||    33
 Fire: Hunting sling     |       |   152 |   118 ||   270
Throw: Javelin           |    22 |    13 |       ||    35
Evoke: Wand              |       |       |     2 ||     2
  Use: Potion            |     3 |     2 |     1 ||     6
       Scroll            |       |     8 |       ||     8
 Stab: Sleeping          |     7 |       |       ||     7
       Invisible         |       |     3 |       ||     3
  Eat: Chunk             |     3 |     3 |       ||     6
       Ration            |       |     2 |     2 ||     4
Armor: Robe              |    27 |       |       ||    27
       Ring mail         |    33 |    71 |    38 ||   142
Dodge: Dodged            |    86 |   106 |    44 ||   236
